AoeStats
← Tai Lung

Arabia

507533963Analyzed
1v1 RM · 13d ago on Sep 18, 2026· 15m 34s· 2 players
Game mode
Random Map
Map size
Tiny (2 player)
Population
200
Speed
Normal
Resources
Standard
Victory
Conquest
Starting age
Dark Age
Ending age
Imperial Age
RankedLock teamsTeams togetherTeam positionsShared explorationLock speedFull tech treeHidden civsTurbo modeCheats
Victory
Defeat
🇺🇸 Jurchens · United States
1481
+18
🇦🇷 Wu · Argentina
1522
-18
IcedCovfefe
6:40 Loom
8:58 Feudal Age
10:24 Double-Bit Axe
14:37 Horse Collar
Tai Lung
6:33 Loom
9:36 Feudal Age
9:42 Man-at-Arms
15:23 Wheelbarrow
Connection lost

Rejoining the realm…

Still unreachable

The connection could not be restored.

Session expired

The server has moved on; the page needs a fresh start.